 Dungeon Crawl Stone Soup version 0.31-a0-1074-g0b22e4e0f1 (webtiles) character file.

Game seed: 1914217113052704180

40677 Enots the Severer (level 13, -20/178 HPs)
             Began as a Minotaur Berserker on Dec 3, 2023.
             Was a High Priest of Trog.
             Demolished by a titanic slime creature (68 damage)
             ... on level 12 of the Dungeon.
             The game lasted 01:11:24 (10354 turns).

Enots the Severer (Minotaur Berserker)             Turns: 10354, Time: 01:11:25

Health: -20/178    AC: 23    Str: 30    XL:     13   Next: 75%
Magic:  12/12      EV: 12    Int:  4    God:    Trog [*****.]
Gold:   651        SH:  5    Dex: 13    Spells: 12/12 levels left

rFire   + . .        u - +2 broad axe (vamp)
rCold   . . .        U - orb {light}
rNeg    . . .        Q - +0 chain mail "Vash" {-Cast rPois Str+3}
rPois   +            (helmet restricted)
rElec   .            M - +0 cloak
rCorr   +            L - +2 pair of gloves "Suuphab" {rF+ Regen+ rCorr Dex-3}
SInv    .            s - +1 pair of boots
Will    .....        H - amulet of reflection Stlth
                     e - +4 ring of protection
HPRegen 1.29/turn    D - +6 ring of dexterity
MPRegen 0.13/turn

%: no spellcasting, reflection
@: berserking, glowing, very quick
A: horns 2, retaliatory headbutt
a: Renounce Religion, Berserk, Trog's Hand, Brothers in Arms


You were on level 12 of the Dungeon.
You worshipped Trog.
Trog was extremely pleased with you.
You visited 3 branches of the dungeon, and saw 15 of its levels.

You collected 1157 gold pieces.
You spent 506 gold pieces at shops.

Inventory:

Hand Weapons
 a - a +0 hand axe
 u - a +2 vampiric broad axe (weapon)
 A - the +0 halberd of the Dead {vamp, rPois rF+ Str-4 Dex+6}
   (You found it on level 1 of the Elven Halls)

   Str-4:     It affects your strength (-4).
   Dex+6:     It affects your dexterity (+6).
   rF+:       It protects you from fire.
   rPois:     It protects you from poison
Missiles
 x - a throwing net
Armour
 f - a +0 pair of gloves
 s - a +1 pair of boots (worn)
 w - a +1 kite shield
 y - a +3 ring mail
 I - a +1 chain mail of fire resistance
 K - an orb of guile
 L - the +2 pair of gloves "Suuphab" (worn) {rF+ Regen+ rCorr Dex-3}
   (You bought it in a shop on level 7 of the Dungeon)

   Dex-3:     It affects your dexterity (-3).
   rF+:       It protects you from fire.
   Regen+:    It increases your rate of health regeneration.
   rCorr:     It protects you from acid and corrosion.
 M - a +0 cloak (worn)
 Q - the +0 chain mail "Vash" (worn) {-Cast rPois Str+3}
   (You found it on level 9 of the Dungeon)

   Str+3:     It affects your strength (+3).
   rPois:     It protects you from poison -Cast: It prevents spellcasting.
 T - the +0 cloak of Death Resistance {Contam Harm Regen+ Int+3}
   (You bought it in a shop on level 2 of the Orcish Mines)

   Int+3:     It affects your intelligence (+3).
   Contam:    It causes magical contamination when unequipped.
   Regen+:    It increases your rate of health regeneration.
   Harm:      It increases damage dealt and taken.
 U - an orb of light (worn)
Jewellery
 e - a +4 ring of protection (left hand)
 B - an amulet of guardian spirit
 C - a ring of ice
 D - a +6 ring of dexterity (right hand)
 H - an amulet of reflection (around neck)
 J - a ring of ice
 O - an amulet of faith
 P - a ring of positive energy
 S - a ring of protection from fire
 W - a +6 ring of strength
 X - a ring of ice
Wands
 g - a wand of quicksilver (25)
 m - a wand of flame (45)
 q - a wand of digging (3)
 R - a wand of roots (14)
Scrolls
 c - 4 scrolls of teleportation
 h - a scroll of blinking
 i - 2 scrolls of fog
 r - 2 scrolls of torment
 v - 2 scrolls of revelation
 G - a scroll of immolation
 V - a scroll of summoning {unknown}
Potions
 b - a potion of invisibility
 d - 5 potions of curing
 j - a potion of mutation {unknown}
 k - a potion of haste
 l - 2 potions of heal wounds
 n - a potion of might
 o - 2 potions of magic {unknown}
 p - a potion of brilliance
 t - 2 potions of attraction {unknown}
 z - a potion of enlightenment {unknown}
 E - a potion of berserk rage {unknown}
 F - a potion of cancellation {unknown}
 N - a potion of lignification {unknown}
 Y - a potion of degeneration {unknown}


   Skills:
 + Level 12.4 Fighting
 + Level 18.6 Axes
 + Level 10.6 Armour
 + Level 8.1 Dodging
 + Level 3.1 Stealth
 + Level 12.1 Shields
 - Level 1.5 Evocations


You had 12 spell levels left.
You didn't know any spells.
Your spell library was empty.

Dungeon Overview and Level Annotations

Branches:
Dungeon (12/15)            Temple (0/1) D:5            Lair (0/5) D:11
    Orc (2/2) D:10            Elf (1/3) Orc:2

Altars:
Elyvilon
Gozag
Hepliaklqana
Makhleb
Nemelex Xobeh
Qazlal
Ru
Trog
Uskayaw
The Shining One

Shops:
D:1 =   D:3 (   D:7 [   D:9 :   Orc:1 (   Orc:2 ![!=

Annotations:
D:6 3 runed translucent doors, Sanktem7's ghost, amateur MiFi; xnavy's ghost, novice DrAE
Elf:1 Kirke; Norris


Innate Abilities, Weirdness & Mutations

You have a pair of horns on your head.
You reflexively headbutt those who attack you in melee.


Message History

The slime creature jiggles.
Two slime creatures merge to form a very large slime creature.
You slash the very large slime creature!
The very large slime creature is lightly wounded.
Two slime creatures merge to form an enormous slime creature.
You hit the enormous slime creature.
The enormous slime creature is lightly wounded.
Two slime creatures merge to form a titanic slime creature.
You slash the titanic slime creature!
You headbutt the titanic slime creature!
The titanic slime creature is lightly wounded.
You slice the titanic slime creature!!
You headbutt the titanic slime creature.
The titanic slime creature is moderately wounded.
You cut the titanic slime creature into ribbons!!!
The titanic slime creature is moderately wounded.
The titanic slime creature hits you!!!!
Ouch! That really hurt!
You slash the titanic slime creature!
You feel better.
The titanic slime creature is moderately wounded.
The titanic slime creature barely misses you.
A red film seems to cover your vision as you go berserk!
You feel yourself moving faster!
You feel mighty! The titanic slime creature hits you!!!
* * * LOW HITPOINT WARNING * * *
Okay, then.
You slash the titanic slime creature!
You headbutt the titanic slime creature!!
The titanic slime creature is heavily wounded.
You slice the titanic slime creature!!
The titanic slime creature is severely wounded.
You slice the titanic slime creature!!
You feel better.
The titanic slime creature is severely wounded.
The titanic slime creature misses you.
You slice the titanic slime creature!!
You feel better.
The titanic slime creature is severely wounded.
You completely miss the titanic slime creature.
The titanic slime creature is severely wounded.
The titanic slime creature hits you!!!
You die...

####.#####
#.# ####
#.# ##...
#.# ...
#.# .##
#.# ..#
#.# ..#
#.# #.#
#@# #...
#J# ###
... #.
..... ...
......#
...
.......#
###
###.....#
####### .


You could see a titanic slime creature.

Vanquished Creatures
  Jorgrun (Orc:1)
  2 deep elf sorcerers (Elf:1)
  Snorg (D:11)
  A hydra (D:12)
  Erica (D:11)
  4 ogre magi (Orc:2)
  A boulder beetle (D:11)
  17 two-headed ogres
  Sonja (D:11)
  3 skysharks (Elf:1)
  3 deep elf zephyrmancers (Elf:1)
  An orc sorcerer (Orc:2)
  2 deep elf pyromancers (Elf:1)
  2 ugly things (D:12)
  3 cyclopes
  2 manticores (D:11)
  2 unseen horrors
  Jeremiah (D:6)
  A yaktaur (D:12)
  4 trolls
  A hornet (D:10)
  Grinder (D:3)
  3 slime creatures (D:12)
  A shadow (D:11)
  A wyvern (D:9)
  4 wraiths
  A water elemental (Elf:1)
  A vampire (D:7)
  20 yaks
  3 hogs (Elf:1)
  3 vampire mosquitoes (D:10)
  3 wargs (Orc:1)
  Duvessa (D:6)
  A water moccasin (D:7)
  A sky beast (D:8)
  11 orc warriors
  An ice beast (D:7)
  28 ogres (Orc:2)
  6 centaurs
  2 kobold brigands (D:7)
  Blork the orc (D:6)
  4 bullfrogs
  2 scorpions
  4 gnoll sergeants
  13 wights
  Dowan (D:6)
  15 killer bees
  A jelly (D:6)
  2 gnoll boudas
  3 hounds (D:4)
  6 orc priests
  19 orc wizards
  22 gnolls
  3 adders
  A shadow imp (D:7)
  2 white imps
  6 ufetubi
  2 worms (D:2)
  3 dart slugs
  61 orcs
  7 ball pythons
  5 bats
  6 endoplasms
  3 giant cockroaches
  5 goblins
  5 hobgoblins
  11 jackals
  3 quokkas
  5 frilled lizards
  18 kobolds
  5 rats
390 creatures vanquished.

Notes
Turn   | Place    | Note
-------+----------+-------------------------------------------
     0 | D:1      | Enots the Minotaur Berserker began the quest for the Orb.
     0 | D:1      | Reached XP level 1. HP: 19/19 MP: 0/0
    22 | D:1      | Found a faded altar of an unknown god.
    42 | D:1      | Reached XP level 2. HP: 13/27 MP: 1/1
   197 | D:1      | Found Assit's Jewellery Boutique.
   206 | D:1      | Reached skill level 4 in Axes
   331 | D:1      | Reached ** piety under Trog
   359 | D:1      | Reached XP level 3. HP: 33/33 MP: 2/2
   964 | D:2      | Found a hazy altar of Hepliaklqana.
  1152 | D:3      | Found Teij's Antique Weapon Boutique.
  1170 | D:3      | Reached XP level 4. HP: 40/40 MP: 3/3
  1359 | D:3      | Noticed Grinder
  1364 | D:3      | Reached skill level 5 in Axes
  1377 | D:3      | Killed Grinder
  1378 | D:3      | Reached skill level 6 in Axes
  1378 | D:3      | Reached XP level 5. HP: 26/47 MP: 4/4
  1378 | D:3      | Reached XP level 6. HP: 29/53 MP: 5/5
  1539 | D:3      | Found a sacrificial altar of Ru.
  1540 | D:3      | Found a glowing golden altar of the Shining One.
  1541 | D:3      | Found a sparkling altar of Nemelex Xobeh.
  1820 | D:4      | Reached *** piety under Trog
  2058 | D:4      | Reached skill level 7 in Axes
  2233 | D:4      | Reached XP level 7. HP: 60/60 MP: 6/6
  2350 | D:5      | Entered Level 5 of the Dungeon
  2451 | D:5      | Found a stormy altar of Qazlal.
  2505 | D:5      | Noticed a yak
  2505 | D:5      | Noticed a yak
  2510 | D:5      | Noticed a yak
  2512 | D:5      | Noticed a yak
  2514 | D:5      | Killed a yak
  2516 | D:5      | Noticed a yak
  2517 | D:5      | Noticed a yak
  2518 | D:5      | Killed a yak
  2519 | D:5      | Reached skill level 8 in Axes
  2519 | D:5      | Reached skill level 1 in Stealth
  2523 | D:5      | Killed a yak
  2524 | D:5      | Reached skill level 5 in Fighting
  2524 | D:5      | Reached skill level 5 in Armour
  2526 | D:5      | Killed a yak
  2527 | D:5      | Reached skill level 9 in Axes
  2527 | D:5      | Reached XP level 8. HP: 68/68 MP: 7/7
  2608 | D:5      | Found a staircase to the Ecumenical Temple.
  2696 | D:5      | Found a bloodstained altar of Trog.
  3167 | D:5      | Reached skill level 5 in Dodging
  3535 | D:5      | Identified a scroll of acquirement
  3535 | D:5      | Acquired a +2 vampiric broad axe
  3622 | D:6      | Reached skill level 1 in Shields
  3624 | D:6      | Reached skill level 10 in Axes
  3650 | D:6      | Noticed Blork the orc
  3656 | D:6      | Killed Blork the orc
  3797 | D:6      | Noticed Jeremiah
  3809 | D:6      | Killed Jeremiah
  3810 | D:6      | Reached XP level 9. HP: 75/75 MP: 8/8
  3827 | D:6      | Found a burning altar of Makhleb.
  3827 | D:6      | Found a white marble altar of Elyvilon.
  3867 | D:6      | Found a runed translucent gate.
  3867 | D:6      | Found a runed translucent gate.
  3868 | D:6      | Found a runed translucent gate.
  3872 | D:6      | Noticed Sanktem7's ghost (amateur MiFi)
  3872 | D:6      | Noticed xnavy's ghost (novice DrAE)
  3989 | D:6      | Noticed Duvessa
  4000 | D:6      | Killed Duvessa
  4001 | D:6      | Noticed Dowan
  4014 | D:6      | Killed Dowan
  4507 | D:7      | Reached skill level 11 in Axes
  4634 | D:7      | Reached **** piety under Trog
  4828 | D:7      | Found Pono Tipe's Antique Armour Shop.
  4831 | D:7      | Bought a pair of bloodstained gloves for 199 gold pieces
  4831 | D:7      | Identified the +2 pair of gloves "Suuphab" {rF+ Regen+
                  | rCorr Dex-3} (You bought it in a shop on level 7 of the
                  | Dungeon)
  4831 | D:7      | Bought a cloak for 94 gold pieces
  5298 | D:7      | Found an opulent altar of Gozag.
  5342 | D:7      | Identified the +0 robe of Complete Protection {rN+}
  5523 | D:8      | Reached skill level 12 in Axes
  5635 | D:8      | Reached XP level 10. HP: 86/86 MP: 9/9
  5761 | D:8      | Noticed a cyclops
  5765 | D:8      | Killed a cyclops
  5813 | D:8      | Reached skill level 1 in Evocations
  5911 | D:8      | Reached skill level 5 in Shields
  5934 | D:8      | Reached skill level 13 in Axes
  5953 | D:8      | Noticed a +0 short sword
  5954 | D:8      | Noticed a +0 dagger
  5954 | D:8      | Noticed a +0 spear
  5968 | D:8      | Noticed a +0 short sword
  5968 | D:8      | Noticed a +0 spear
  5969 | D:8      | Noticed a +0 falchion
  5969 | D:8      | Noticed a +0 dagger
  5969 | D:8      | Noticed a +0 falchion
  5972 | D:8      | Found a hide-covered altar of Uskayaw.
  6291 | D:9      | Reached ***** piety under Trog
  6428 | D:9      | Identified the +0 chain mail "Vash" {-Cast rPois Str+3}
  6505 | D:9      | Noticed a two-headed ogre
  6511 | D:9      | Killed a two-headed ogre
  6571 | D:9      | Reached skill level 14 in Axes
  6587 | D:9      | Found Xaurimo's Tiny Tomes.
  6642 | D:9      | Reached XP level 11. HP: 91/94 MP: 10/10
  6947 | D:9      | Found a hazy altar of Hepliaklqana.
  7009 | D:10     | Entered Level 10 of the Dungeon
  7184 | D:10     | Found a staircase to the Orcish Mines.
  7673 | Orc:1    | Entered Level 1 of the Orcish Mines
  7729 | Orc:1    | Noticed Jorgrun
  7757 | Orc:1    | Killed Jorgrun
  7758 | Orc:1    | Reached skill level 15 in Axes
  8045 | Orc:1    | Found Arecwey's Firing Range.
  8126 | Orc:2    | Entered Level 2 of the Orcish Mines
  8157 | Orc:2    | Found a staircase to the Elven Halls.
  8166 | Orc:2    | Noticed an orc sorcerer
  8178 | Orc:2    | Killed an orc sorcerer
  8328 | Orc:2    | Received a gift from Trog
  8390 | Orc:2    | Noticed a two-headed ogre
  8398 | Orc:2    | Noticed a two-headed ogre
  8404 | Orc:2    | Killed a two-headed ogre
  8408 | Orc:2    | Killed a two-headed ogre
  8414 | Orc:2    | Noticed a two-headed ogre
  8415 | Orc:2    | Reached skill level 16 in Axes
  8420 | Orc:2    | Noticed an ogre mage
  8420 | Orc:2    | Noticed an ogre mage
  8426 | Orc:2    | Reached XP level 12. HP: 105/105 MP: 11/11
  8431 | Orc:2    | Killed a two-headed ogre
  8438 | Orc:2    | Killed an ogre mage
  8438 | Orc:2    | Noticed a two-headed ogre
  8447 | Orc:2    | Paralysed by something for 2 turns
  8453 | Orc:2    | Noticed an ogre mage
  8453 | Orc:2    | Noticed a two-headed ogre
  8460 | Orc:2    | Noticed a two-headed ogre
  8460 | Orc:2    | Noticed a two-headed ogre
  8488 | Orc:2    | Killed an ogre mage
  8503 | Orc:2    | Killed a two-headed ogre
  8506 | Orc:2    | Reached skill level 10 in Fighting
  8506 | Orc:2    | Killed a two-headed ogre
  8510 | Orc:2    | Killed a two-headed ogre
  8515 | Orc:2    | Killed a two-headed ogre
  8524 | Orc:2    | Noticed a two-headed ogre
  8531 | Orc:2    | Killed a two-headed ogre
  8532 | Orc:2    | Reached skill level 17 in Axes
  8535 | Orc:2    | Noticed a two-headed ogre
  8535 | Orc:2    | Noticed a two-headed ogre
  8537 | Orc:2    | Found Xyamulla's Distillery.
  8537 | Orc:2    | Found Yfum Kuo's Distillery.
  8537 | Orc:2    | Found Timalunn's Antique Armour Emporium.
  8537 | Orc:2    | Found Fuxkig's Jewellery Shop.
  8541 | Orc:2    | Killed a two-headed ogre
  8543 | Orc:2    | Noticed an ogre mage
  8544 | Orc:2    | Killed a two-headed ogre
  8548 | Orc:2    | Reached skill level 10 in Shields
  8564 | Orc:2    | Killed an ogre mage
  8571 | Orc:2    | Bought a distressingly furry cloak for 171 gold pieces
  8571 | Orc:2    | Identified the +0 cloak of Death Resistance {Contam Harm
                  | Regen+ Int+3} (You bought it in a shop on level 2 of the
                  | Orcish Mines)
  8573 | Orc:2    | Bought a potion of curing for 42 gold pieces
  8579 | Orc:2    | Noticed a two-headed ogre
  8589 | Orc:2    | Killed a two-headed ogre
  8597 | Orc:2    | Noticed a two-headed ogre
  8607 | Orc:2    | Killed a two-headed ogre
  8670 | Orc:2    | Killed an ogre mage
  8670 | Orc:2    | Reached ****** piety under Trog
  8881 | Orc:2    | Received a gift from Trog
  8945 | Orc:2    | Noticed a two-headed ogre
  8957 | Orc:2    | Killed a two-headed ogre
  9060 | Elf:1    | Entered Level 1 of the Elven Halls
  9060 | Elf:1    | Noticed a deep elf sorcerer
  9060 | Elf:1    | Noticed a deep elf sorcerer
  9060 | Elf:1    | Found a runed translucent gate.
  9060 | Elf:1    | Found a runed translucent gate.
  9060 | Elf:1    | Found a runed translucent gate.
  9060 | Elf:1    | Found a runed translucent gate.
  9060 | Elf:1    | Found a runed translucent gate.
  9060 | Elf:1    | Found a runed translucent gate.
  9061 | Elf:1    | Found a runed translucent door.
  9076 | Elf:1    | Reached XP level 13. HP: 93/116 MP: 12/12
  9104 | Elf:1    | Found a runed translucent door.
  9127 | Elf:1    | Killed a deep elf sorcerer
  9128 | Elf:1    | Reached skill level 18 in Axes
  9128 | Elf:1    | Killed a deep elf sorcerer
  9133 | Elf:1    | Identified the +0 halberd of the Dead {vamp, rPois rF+
                  | Str-4 Dex+6}
  9188 | Elf:1    | Noticed Norris
  9198 | Elf:1    | Noticed Kirke
  9388 | D:11     | Found a staircase to the Lair.
  9397 | D:11     | Noticed Snorg
  9417 | D:11     | Killed Snorg
  9497 | D:11     | Reached skill level 10 in Armour
  9643 | D:11     | Noticed Erica
  9651 | D:11     | Killed Erica
  9761 | D:11     | Noticed Sonja
  9778 | D:11     | Killed Sonja
 10062 | D:12     | Received a gift from Trog
 10354 | D:12     | Demolished by a titanic slime creature

Illustrated notes

Levels and vault maps discovered:
D:1:      mushboom_english_gardens, layout_rooms, serial_shops, shop,
          ebering_ecumenical_altar_petrified, minmay_misc_feat_alley,
          kennysheep_crisscross
D:2:      layout_loops_cross, basic_altar, roderic_cross_of_infinity,
          minmay_tiny_reverse_x
D:3:      layout_rooms, gammafunk_temple_overflow_forgotten, serial_shops, shop,
          uniq_grinder
D:4:      layout_basic, kennysheep_generic_room_3
D:5:      layout_loops_ring, grunt_qazlal_sundering, trog_three_pillars_becter,
          minmay_temple_entry_waves, corexii_leaking_fountain, lightli_minifort
D:6:      layout_basic, nicolae_overflow_two_pavilions,
          gammafunk_ghost_cemetery, uniq_blork_the_orc, uniq_duvessa,
          uniq_jeremiah
D:7:      layout_basic, nicolae_gozag_cash_rules_everything_around_me,
          serial_shops, shop, nicolae_zen_rock_garden
D:8:      layout_loops_ring, nicolae_uskayaw_en_pointe
D:9:      layout_irregular_city, nicolae_hepliaklqana_hippocampus,
          nicolae_shop_i_like_small_books_too
D:10:     layout_roguey, david_orc_2, dreamdust_gnoll_shepherd
D:11:     layout_basic, dpeg_oklobed_lair, nicolae_kite_square_tiling_tiny,
          uniq_sonja, uniq_snorg, uniq_erica
D:12:     layout_rooms
Orc:1:    layout_caves, nicolae_shop_firing_range, uniq_jorgrun
Orc:2:    st_orc_ogre_mass, layout_caves, mines2_david
Elf:1:    nicolae_elf_arrival_dilemma, layout_rooms,
          kennysheep_underground_church, glass_columns_b, uniq_norris,
          uniq_kirke

Skill      XL: |  1  2  3  4  5  6  7  8  9 10 11 12 13 |
---------------+----------------------------------------+-----
Armour         | 3 4 5 6 7 8 9 10 | 10.6
Axes           | 4 6 7 9 10 12 14 16 17 18 | 18.6
Dodging        | 3 4 5 6 7 8 |  8.1
Fighting       | 4 5 7 8 9 11 12 | 12.4
Stealth        | 1 2 3 |  3.1
Shields        | 2 4 6 8 10 12 | 12.1
Evocations     | 1 |  1.5

Action                     |  1- 3 |  4- 6 |  7- 9 | 10-12 | 13-15 || total
---------------------------+-------+-------+-------+-------+-------++-------
  Melee: Hand axe          |    97 |    96 |    49 |       |       ||   242
         Headbutt          |    11 |    13 |    42 |   109 |    47 ||   222
         Punch             |     1 |     1 |       |       |       ||     2
         Broad axe         |       |       |   176 |   449 |   177 ||   802
 Invoke: Berserk           |       |     1 |     4 |     1 |     3 ||     9
  Evoke: Wand              |       |       |     4 |     6 |     3 ||    13
    Use: Scroll            |       |     4 |     9 |     9 |     1 ||    23
         Potion            |       |       |     2 |     4 |     3 ||     9
   Stab: Sleeping          |     1 |       |     1 |       |       ||     2
         Invisible         |       |       |       |     4 |       ||     4
 Armour: Animal skin       |    21 |       |       |       |       ||    21
         Leather armour    |    13 |       |       |       |       ||    13
         Scale mail        |    20 |     5 |       |       |       ||    25
         Ring mail         |       |    44 |   119 |    44 |       ||   207
         Chain mail        |       |       |       |   219 |   199 ||   418
  Dodge: Dodged            |    72 |    43 |    97 |   134 |    90 ||   436
  Block: Kite shield       |       |     3 |    98 |   335 |   132 ||   568
         Reflection        |       |       |     6 |     6 |     4 ||    16

Table legend: (Time is in decaauts)
 A = Elapsed time spent in this place.
 B = Non-inter-level travel time spent in this place.
 C = Inter-level travel time spent in this place.
 D = Time resting spent in this place.
 E = Time spent auto-exploring this place.
 F = Levels seen in this place.
 G = Mean time per level.
                   A        B        C        D        E       F      G
               +--------+--------+--------+--------+--------+-----+--------+
         Total |  10365 |  10203 |    162 |    655 |   6367 |  15 |  691.0 |
       Dungeon |   8823 |   8661 |    162 |    612 |   5504 |  12 |  735.2 |
  Orcish Mines |   1375 |   1375 |      0 |     24 |    844 |   2 |  687.5 |
   Elven Halls |    166 |    166 |      0 |     19 |     19 |   1 |  166.0 |
               +--------+--------+--------+--------+--------+-----+--------+

Top non-repeatable levels by time:
     D:5: 1063 daAuts
     D:7: 1054 daAuts
   Orc:2: 919 daAuts
     D:6: 866 daAuts
     D:9: 845 daAuts
     D:4: 812 daAuts
     D:8: 775 daAuts
     D:2: 659 daAuts
    D:11: 623 daAuts
     D:3: 608 daAuts
    D:10: 590 daAuts
     D:1: 500 daAuts
   Orc:1: 456 daAuts
    D:12: 423 daAuts
   Elf:1: 166 daAuts
